 Dungeon Crawl Stone Soup version 0.22-a0-542-gce4f928 (webtiles) character file.

360486 Mgcat the Executioner (level 22, -2/203 HPs)
             Began as a Hill Orc Gladiator on June 22, 2018.
             Was the Champion of Okawaru.
             Shot with an arrow by a deep elf archer (6 damage)
             ... while paralysed by an orc sorcerer
             ... on level 4 of the Vaults on June 24, 2018.
             The game lasted 02:49:21 (49201 turns).

Mgcat the Executioner (Hill Orc Gladiator)         Turns: 49201, Time: 02:49:22

Health: -2/203     AC: 33    Str: 32    XL:     22   Next: 43%
Magic:  0/38       EV:  2    Int: 16    God:    Okawaru [******]
Gold:   297        SH:  0    Dex: 17    Spells: 15/31 levels left

rFire    + + .     SeeInvis +   c - +10 battleaxe "Ufraolen" {freeze, rN+ MP+9 Str+5}
rCold    x . .     Gourm    .   (shield currently unavailable)
rNeg     + . .     Faith    .   B - +6 fire dragon scales "Itish" {rF++ rC- Int+2}
rPois    .         Spirit   +   l - +2 hat
rElec    +         Reflect  .   v - scarf {cloud immunity}
rCorr    .         Harm     .   R - +2 pair of gloves {Str+3}
MR       +....                  o - +2 pair of boots {run}
Stlth    ++........             E - amulet of guardian spirit {Spirit}
HPRegen  0.43/turn              G - +3 ring of protection
MPRegen  0.26/turn              I - ring "Cuitom" {+Blink rElec Str-5 Int+3 SInv}

@: paralysed, mighty, agile, heroism, finesse, marked, quick
A: no striking features
}: 2/15 runes: barnacled, gossamer
a: Heroism, Finesse, Renounce Religion, Evoke Blink


You were on level 4 of the Vaults.
You worshipped Okawaru.
Okawaru was exalted by your worship.
You were hungry.

You visited 6 branches of the dungeon, and saw 35 of its levels.
You also visited: Labyrinth, Sewer, Ossuary and Ice Cave.

You collected 4090 gold pieces.
You spent 3793 gold pieces at shops.

Inventory:

Hand Weapons
 c - the +10 battleaxe "Ufraolen" (weapon) {freeze, rN+ MP+9 Str+5}
   (Okawaru gifted it to you on level 1 of the Lair of Beasts)

   It has been specially enchanted to freeze those struck by it, causing extra
   injury to most foes and up to half again as much damage against particularly
   susceptible opponents.
   It can also slow down cold-blooded creatures.
   It affects your strength (+5).
   It protects you from negative energy.
   It affects your magic capacity (+9).
 S - the +10 battleaxe "Hytaat" {chop, rC+ Int+4}
   (Okawaru gifted it to you on level 1 of the Vaults)

   It inflicts extra damage upon your enemies.
   It affects your intelligence (+4).
   It protects you from cold.
Missiles
 d - 10 throwing nets {=f, !d}
 e - 17 javelins of returning
 i - 26 poisoned javelins (quivered)
 q - 22 javelins of penetration
 X - 19 silver javelins
Armour
 l - a +2 hat (worn)
   (You found it on level 6 of the Lair of Beasts)
 o - a +2 pair of boots of running (worn)
   (Okawaru gifted it to you on level 1 of the Orcish Mines)
 v - a scarf of cloud immunity (worn)
   (Okawaru gifted it to you on level 3 of the Vaults)
 B - the +6 fire dragon scales "Itish" (worn) {rF++ rC- Int+2}
   (You bought it in a shop on level 3 of the Vaults)

   It affects your intelligence (+2).
   It greatly protects you from fire.
   It makes you vulnerable to cold.
 R - a +2 pair of gloves of strength (worn)
   (You found it in an ice cave)
 V - a +2 cloak
   (You found it on level 5 of the Lair of Beasts)
Jewellery
 m - an uncursed ring of resist corrosion
   (You found it on level 2 of the Spider Nest)
 y - an uncursed ring of protection from cold {rC+, !d}
   (You found it on level 4 of the Dungeon)
 E - an amulet of guardian spirit (around neck) {Spirit}
   (You found it on level 7 of the Dungeon)
 G - a +3 ring of protection (left hand)
   (You took it off a minotaur in a labyrinth)
 I - the ring "Cuitom" (right hand) {+Blink rElec Str-5 Int+3 SInv}
   (You took it off a yaktaur captain on level 14 of the Dungeon)

   [ring of intelligence]

   It affects your strength (-5).
   It affects your intelligence (+3).
   It insulates you from electricity.
   It lets you see invisible.
   It lets you blink.
 L - an uncursed ring of positive energy {rN+}
   (You found it in a labyrinth)
 P - the ring of Hedonism {Ice rPois}
   (You found it in a labyrinth)

   [ring of ice]

   It enhances your ice magic.
   It makes you vulnerable to fire.
   It protects you from cold.
   It protects you from poison.
Wands
 t - a wand of acid (23)
   (You found it on level 1 of the Lair of Beasts)
 F - a wand of iceblast (34)
   (You found it on level 8 of the Dungeon)
Scrolls
 h - 7 scrolls of identify
 k - 21 scrolls of remove curse
 n - 11 scrolls of teleportation
 r - a scroll of holy word {!r}
 J - 2 scrolls of enchant weapon
 M - a scroll of enchant armour
 O - 2 scrolls of magic mapping {!r}
 Y - 6 scrolls of fog
Potions
 b - 2 potions of berserk rage {!q}
 g - 12 potions of mutation {!q}
 p - 12 potions of curing
 s - 6 potions of flight
 u - 7 potions of agility
 w - 9 potions of brilliance
 x - 8 potions of haste
 z - 6 potions of invisibility
 A - 5 potions of ambrosia
 C - 2 potions of might
 D - 2 potions of resistance
 H - 3 potions of magic
 U - 4 potions of cancellation
Miscellaneous
 a - a fan of gales
   (You found it on level 4 of the Shoals)
 W - a lamp of fire
   (You found it on level 4 of the Shoals)
Comestibles
 f - 48 rations
 j - 14 chunks of flesh {@w0}


   Skills:
 + Level 18.5(23.5) Fighting
 - Level 26.0(27) Axes
 - Level 10.0(15.0) Throwing
 + Level 14.5(19.5) Armour
 + Level 12.9(17.9) Dodging
 - Level 5.0 Spellcasting
 - Level 5.0 Charms
 - Level 10.0 Summonings
 - Level 5.0 Necromancy
 - Level 5.0 Translocations
 - Level 5.0 Air Magic
 - Level 10.1 Invocations
 - Level 5.0 Evocations


You had 15 spell levels left.
You knew the following spells:

 Your Spells              Type           Power        Failure   Level  Hunger
a - Song of Slaying       Chrm           ###.....     4%          2    #......
b - Regeneration          Chrm/Necr      ###.......   10%         3    ###....
c - Blink                 Tloc           N/A          4%          2    #......
d - Swiftness             Chrm/Air       ###.....     4%          2    #......
e - Shroud of Golubria    Chrm/Tloc      ###.......   4%          2    #......
f - Aura of Abjuration    Summ           #####.....   11%         5    ######.

Your spell library contained the following spells:

 Spells                   Type           Power        Failure   Level  Hunger
 Cause Fear               Hex            #.........   94%         4    ####...
 Magic Dart               Conj           #...         24%         1    None
 Fireball                 Conj/Fire      #.........   100%        5    ######.
 Conjure Flame            Conj/Fire      #.......     58%         3    ###....
 Lightning Bolt           Conj/Air       ##........   94%         5    ######.
 Slow                     Hex            #.......     36%         2    #......
 Confuse                  Hex            #.......     58%         3    ###....
 Throw Flame              Conj/Fire      #.....       36%         2    #......
 Mephitic Cloud           Conj/Pois/Air  #.......     36%         3    ###....
 Venom Bolt               Conj/Pois      #.........   100%        5    ######.
 Olgreb's Toxic Radiance  Pois           #.......     94%         4    ####...
 Lehudib's Crystal Spear  Conj/Erth      #.........   100%        8    #######
 Fire Storm               Conj/Fire      #.........   100%        9    #######
 Sticky Flame             Conj/Fire      #.......     94%         4    ####...
 Call Imp                 Summ           #####...     1%          2    #......
 Poison Arrow             Conj/Pois      #.........   100%        6    #######
 Sting                    Conj/Pois      #...         24%         1    None
 Tukima's Dance           Hex            #.......     58%         3    ###....
 Summon Demon             Summ           #####.....   11%         5    ######.
 Stone Arrow              Conj/Erth      #.....       58%         3    ###....
 Shock                    Conj/Air       ##..         9%          1    None
 Recall                   Summ/Tloc      N/A          3%          3    ###....
 Statue Form              Tmut/Erth      #........    100%        6    #######
 Dragon Form              Tmut           #.........   100%        7    #######
 Deflect Missiles         Chrm/Air       ###.......   99%         6    #######
 Glaciate                 Conj/Ice       #.........   100%        9    #######
 Airstrike                Air            ###.......   30%         4    ####...
 Shadow Creatures         Summ           N/A          52%         6    #######
 Confusing Touch          Hex            #.....       24%         1    None
 Flame Tongue             Conj/Fire      #....        24%         1    None
 Passwall                 Tmut/Erth      #.......     36%         2    #......
 Ensorcelled Hibernation  Hex/Ice        #.....       36%         2    #......
 Metabolic Englaciation   Hex/Ice        #.........   100%        5    ######.
 Silence                  Hex/Air        ##........   94%         5    ######.
 Static Discharge         Conj/Air       ##......     26%         3    ###....
 Corona                   Hex            #......      24%         1    None
 Lee's Rapid Deconstruct  Erth           #.........   100%        5    ######.
 Sandblast                Erth           #.....       24%         1    None
 Chain Lightning          Conj/Air       ##........   100%        8    #######
 Petrify                  Tmut/Erth      #.......     94%         4    ####...
 Inner Flame              Hex/Fire       #.......     58%         3    ###....
 Dazzling Spray           Conj/Hex       #.....       58%         3    ###....
 Infusion                 Chrm           ###.         3%          1    None
 Spectral Weapon          Hex/Chrm       ##......     26%         3    ###....
 Discord                  Hex            #.........   100%        8    #######
 Summon Forest            Summ/Tloc      ####......   30%         5    ######.
 Summon Mana Viper        Hex/Summ       ###.....     65%         5    ######.
 Hydra Form               Tmut           #.........   100%        6    #######
 Irradiate                Conj/Tmut      #.........   100%        5    ######.
 Gell's Gravitas          Tloc           ###.......   10%         3    ###....
 Yara's Violent Unravell  Hex/Tmut       #.........   100%        5    ######.
 Poisonous Vapours        Pois/Air       ##....       13%         2    #......


Dungeon Overview and Level Annotations

Branches:
Dungeon (15/15)            Temple (0/1) D:6            Lair (6/6) D:9
 Shoals (4/4) Lair:2       Spider (4/4) Lair:2        Slime (0/5) Lair:5
    Orc (2/2) D:10            Elf (0/3) Orc:2        Vaults (4/5) D:13
  Crypt (0/3) Vaults:3     Depths (0/5) D:15

Altars:
Dithmenos
Fedhas
Gozag
Hepliaklqana
Kikubaaqudgha
Makhleb
Okawaru
Qazlal
Ru
Sif Muna
Trog
Uskayaw
Wu Jian
Xom
Yredelemnul
The Shining One
Jiyva

Shops:
D:5 [   D:8 %   D:9 (   D:11 (   D:15 *   Orc:1 *   Orc:2 [(*:   Vaults:1 (
Vaults:2 (   Vaults:3 %[?


Message History

You destroy the flayed ghost!
Okawaru accepts your kill.
The terrible wounds on your body vanish.
You hit the skeletal warrior but do no damage.
You barely miss the deep elf archer.
The orc sorcerer gestures wildly while chanting.
An orc knight comes into view. It is wielding a great sword.
You slice the deep elf archer!! You freeze the deep elf archer.
You kill the deep elf archer!
Okawaru accepts your kill.
You slice the skeletal warrior!! You freeze the skeletal warrior.
The deep elf archer blinks!
The deep elf archer unwields an uncursed short sword.
The deep elf archer wields an uncursed shortbow.
The deep elf archer shoots an arrow.
The arrow completely misses you.
You slash the skeletal warrior!
You destroy the skeletal warrior!
Okawaru accepts your kill.
You slice the wraith!! You freeze the wraith.
The wraith is almost destroyed.
The orc knight roars a battlecry!
The orc sorcerer goes into a battle-frenzy!
The orc knight roars a battlecry!
The deep elf archer unwields an uncursed enchanted short sword.
The deep elf archer wields an uncursed shortbow.
The deep elf archer shoots an arrow.
The arrow hits you but does no damage.
You slice the wraith like a ripe choko!!!
You freeze the wraith.
You destroy the wraith!
Okawaru accepts your kill.
You chop the deep elf archer into pieces!!!
You freeze the deep elf archer!!
You kill the deep elf archer!
Okawaru accepts your kill.
Items here: ( ) [[ † a war axe; 19 stones; a chain mail; a large shield; a human corpse You feel yourself slow down.
You see here a glowing ring mail {god gift}.
An orc warrior comes into view. It is wielding a long sword.
The deep elf archer blinks!
The orc knight hits you with a battleaxe!
* * * LOW HITPOINT WARNING * * *
The orc knight roars a battlecry!
The orc knight goes into a battle-frenzy!
There is an open door, spattered with blood here.
Items here: $ ( ))))))) [[[[[ †††† An orc comes into view.
It is wielding a club.
The orc knight hits you with a battleaxe.
Things that are here:
an uncursed arbalest; 14 bolts You barely miss the orc knight.
You slice the ice devil!!
The deep elf archer blinks!
The orc sorcerer points at you and mumbles some strange words.
The bolt of negative energy hits the ice devil.
The ice devil completely resists.
The bolt of negative energy misses you.
The bolt of negative energy hits the orc knight.
The orc knight is drained!
You are feeling hungry.
You chop the orc knight into pieces!!! You freeze the orc knight!
The orc knight is almost dead.
You slice the ice devil!!
You kill the ice devil!
An ogre comes into view. It is wielding a giant spiked club.
You barely miss the orc knight.
The orc knight is almost dead.
The deep elf archer blinks!
The orc knight roars a battlecry!
The orc knight goes into a battle-frenzy!
You hit the orc knight.
The orc knight is almost dead.
You slice the orc knight!!
You kill the orc knight!
Okawaru accepts your kill.
The deep elf archer shoots an arrow.
The arrow hits you but does no damage. The orc sorcerer casts a spell at you.
You suddenly lose the ability to move!
The orc sorcerer hits you but does no damage.
The orc warrior hits you but does no damage.
The deep elf archer shoots an arrow.
The arrow hits you but does no damage.
The orc sorcerer hits you but does no damage.
The orc warrior hits you with a long sword.
* * * LOW HITPOINT WARNING * * *
The deep elf archer shoots an arrow.
The arrow hits you.
* * * LOW HITPOINT WARNING * * *
The orc warrior hits you with a long sword.
* * * LOW HITPOINT WARNING * * *
The orc sorcerer hits you but does no damage.
The orc knight hits you with a great sword!!
* * * LOW HITPOINT WARNING * * *
The orc warrior hits you but does no damage.
The orc sorcerer hits you but does no damage.
The orc hits you but does no damage.
The orc knight hits you with a great sword!!
* * * LOW HITPOINT WARNING * * *
The orc warrior hits you with a long sword!!
* * * LOW HITPOINT WARNING * * *
The deep elf archer blinks!
The orc sorcerer mumbles some strange words.
The deep elf archer shoots an arrow.
The arrow hits you!
You die...

'#######)#######
.......)......#
......e.......#
..............#
.........(....#
############.......(..#
#..........#O.........#
#..........#oo§.......#
#..........#@o........#
#........))()o(3......#
#.........[#).........#
#..........#..........#
#.......(..#..e.......#
############..........#
...........#
............#
...........


You could see an orc knight, 2 deep elf archers, a ynoxinul, an orc sorcerer, an
orc warrior, an ogre and an orc.

Vanquished Creatures
  Nikola (Vaults:3)
  A golden dragon (shapeshifter) (D:14)
  A lich (Vaults:3)
  An Ice Fiend (IceCv)
  Rupert (Lair:6)
  A sphinx (Vaults:2)
  2 krakens (Shoals:1)
  The ghost of Verendum the Warrior, an adept FoFi of Okawaru (Spider:3)
  2 storm dragons
  A shadow dragon (D:14)
  Donald (Shoals:1)
  Kirke (Lair:4)
  The ghost of Kifott the Sorcerer, an adept DECj of Vehumet (Vaults:3)
  Ilsuiw (Shoals:4)
  A deep elf sorcerer (Vaults:4)
  2 ghost moths (Spider:4)
  5 emperor scorpions
  10 vault wardens
  4 very ugly things (Vaults:1)
  6 stone giants
  A war gargoyle (Vaults:4)
  13 ironheart preservers
  6 entropy weavers
  Nessos (D:15)
  A vampire knight (D:14)
  7 spark wasps
  A minotaur (Lab)
  7 ettins
  6 merfolk javelineers
  9 merfolk impalers
  Snorg (D:13)
  9 yaktaur captains
  Josephine (Lair:6)
  7 fire dragons
  The ghost of Ciumechu the Fighter, a journeyman DrTm of Makhleb (Lair:1)
  The ghost of Peny the Cleaver, a journeyman MiFi of Makhleb (Lair:3)
  The ghost of Kufareon the Nimble, a journeyman OpFi of Cheibriados (Lair:3)
  2 rakshasas (Vaults:1)
  8 vault guards
  2 ice dragons (Vaults:3)
  6 hydras
  Erica (Orc:1)
  A hydra (shapeshifter) (Vaults:4)
  2 spectral sphinxes (Vaults:3)
  The ghost of Amnesiac the Fetichist, a journeyman SpWn of Gozag (Orc:2)
  2 catoblepae
  3 merfolk aquamancers
  4 deep troll shamans (Vaults:1)
  3 merfolk avatars
  8 centaur warriors
  3 satyrs
  50 two-headed ogres
  14 ogre magi
  3 death yaks (Lair:6)
  2 tengu warriors
  5 death knights
  Nergalle (D:11)
  A hell knight (Vaults:2)
  3 deep elf knights
  A shadow wraith (Vaults:3)
  11 sea snakes
  11 skeletal warriors
  An unseen horror (shapeshifter) (Vaults:3)
  2 flayed ghosts (Vaults:4)
  A spectral yaktaur (Vaults:3)
  5 wizards
  10 deep trolls
  3 unseen horrors
  2 lindwurms (Lair:6)
  A wolf spider zombie (D:15)
  4 phantasmal warriors
  23 harpies
  6 deep elf archers
  15 ironbrand convokers
  A swamp dragon (Lair:6)
  25 orb spiders
  4 orc sorcerers
  2 necromancers
  11 deep elf magi
  4 oklob plants
  A spectral elf (Vaults:3)
  44 wolf spiders
  9 fauns
  10 orc knights
  14 manticores
  2 moths of wrath (Spider:4)
  27 ugly things
  21 cyclopes
  7 merfolk sirens
  11 water nymphs
  8 black mambas
  5 ice statues
  9 vault sentinels
  A gargoyle (D:14)
  5 torpor snails
  2 centaur skeletons
  5 kobold demonologists
  A human zombie (Vaults:4)
  9 spiny frogs
  An efreet (D:15)
  9 komodo dragons
  2 spectral redbacks (Spider:3)
  7 rime drakes
  7 ice devils (IceCv)
  30 yaktaurs
  2 anaconda simulacra (IceCv)
  14 demonic crawlers
  2 golden dragon simulacra (IceCv)
  A spectral glowing shapeshifter (Vaults:3)
  A tengu conjurer (D:15)
  3 harpy zombies (Shoals:2)
  A human skeleton (Vaults:4)
  7 freezing wraiths
  38 merfolk
  13 hornets
  13 trolls
  41 jumping spiders
  3 wind drakes
  2 spectral jumping spiders (Spider:3)
  2 spectral tarantellas (Spider:3)
  6 slime creatures
  A tengu simulacrum (Vaults:4)
  3 tyrant leeches (Lair:6)
  18 blink frogs
  21 dream sheep
  A spectral human (Vaults:3)
  2 hippogriffs (shapeshifter)
  Sigmund (D:6)
  3 frost giant simulacra
  12 hippogriffs
  16 snapping turtles
  31 tarantellas
  A centaur simulacrum (D:14)
  75 redbacks
  7 wyverns
  15 water elementals
  7 wraiths
  4 shadows
  4 vampires
  49 yaks
  Eustachio (D:4)
  5 basilisks
  3 hungry ghosts
  A yaktaur simulacrum (Vaults:3)
  A redback simulacrum (Spider:3)
  An emperor scorpion simulacrum (Spider:3)
  Menkaure (D:4)
  A spectral orb spider (Spider:3)
  4 acid dragons
  An iron troll simulacrum (IceCv)
  A harpy simulacrum (IceCv)
  Edmund (D:4)
  8 wargs
  3 hydra simulacra (IceCv)
  22 water moccasins
  8 porcupines
  26 orc warriors
  3 ice beasts
  2 swamp drakes (Lair:6)
  4 phantoms
  A tarantella simulacrum (Spider:3)
  An ettin simulacrum (IceCv)
  An eye of draining (shapeshifter) (Vaults:3)
  An eye of draining (D:12)
  5 sky beasts
  34 ogres
  A boggart (Vaults:1)
  2 necrophages (D:10)
  5 wolves
  13 centaurs
  A hippogriff zombie (Shoals:2)
  15 crocodiles
  6 big kobolds
  20 bullfrogs
  A gnoll sergeant (D:6)
  A spectral warg (Orc:2)
  An orb spider simulacrum (Spider:3)
  2 wyvern skeletons
  A scorpion (D:8)
  5 killer bees
  An orc simulacrum (Vaults:2)
  A spectral ogre (Orc:2)
  15 wights
  3 electric eels
  A howler monkey (D:14)
  8 crimson imps
  A bullfrog zombie (D:13)
  4 jellies
  4 human simulacra
  5 centaur zombies
  24 orc priests
  31 orc wizards
  7 hounds
  2 bullfrog skeletons
  Natasha (thrice) (D:2)
  3 iguanas
  15 worker ants
  A killer bee zombie (D:6)
  A hound skeleton (D:9)
  9 mummies
  5 spectral orcs (Orc:2)
  A howler monkey skeleton (D:10)
  3 gnolls (D:6)
  20 adders
  An ogre simulacrum (Orc:2)
  2 shadow imps
  8 oozes
  An adder skeleton (D:7)
  4 worms
  A dart slug (D:2)
  23 leopard geckos
  76 orcs
  14 ball pythons
  6 bats
  10 giant cockroaches
  3 gnoll zombies (Ossuary)
  11 goblins
  9 hobgoblins
  7 jackals
  7 quokkas
  17 frilled lizards
  3 hobgoblin zombies
  33 kobolds
  3 kobold zombies (Ossuary)
  A leopard gecko skeleton (D:6)
  A leopard gecko zombie (D:8)
  An orc zombie (Ossuary)
  13 rats
  3 fungi
  15 plants
  6 tentacles (Shoals:1)
1713 creatures vanquished.

Vanquished Creatures (collateral kills)
  A hydra (Lair:6)
  A death yak (Lair:6)
  A harpy (Shoals:4)
  A merfolk (Shoals:4)
4 creatures vanquished.

Vanquished Creatures (others)
  A stone giant (Vaults:4)
  A shadow wraith (Vaults:4)
  A hog (Lair:4)
  A centaur (D:15)
  An orc wizard (D:15)
  A kobold (D:11)
  A bush (Lair:1)
  7 fungi
  41 plants
  14 tentacles (Shoals:1)
  6 withered plants (Lair:3)
75 creatures vanquished.

Grand Total: 1792 creatures vanquished

Notes
Turn   | Place    | Note
-------+----------+-------------------------------------------
     0 | D:1      | Mgcat the Hill Orc Gladiator began the quest for the Orb.
     0 | D:1      | Reached XP level 1. HP: 18/18 MP: 1/1
     0 | D:1      | Upgraded the game from 0.22-a0-533-g4d20840 to 0.22-a0-538-g76cc104
   186 | D:1      | Reached XP level 2. HP: 15/25 MP: 2/2
   258 | D:1      | Reached skill level 5 in Axes
   537 | D:1      | Reached XP level 3. HP: 30/30 MP: 3/3
  1221 | D:2      | Reached skill level 6 in Axes
  1228 | D:2      | Found a blossoming altar of Fedhas.
  1290 | D:2      | Found a basalt altar of Yredelemnul.
  1295 | D:2      | Noticed Natasha
  1308 | D:2      | Reached XP level 4. HP: 37/37 MP: 4/4
  1314 | D:2      | Killed Natasha
  1404 | D:2      | Noticed Natasha
  1410 | D:2      | HP: 9/37 [Natasha/magic dart (4)]
  1412 | D:2      | Killed Natasha
  1412 | D:2      | Reached skill level 7 in Axes
  1451 | D:2      | Noticed Natasha
  1457 | D:2      | HP: 8/37 [Natasha (3)]
  1458 | D:2      | Killed Natasha
  1458 | D:2      | Reached XP level 5. HP: 9/42 MP: 5/5
  1749 | D:3      | Found a glowing drain.
  1852 | Sewer    | Entered a sewer
  1978 | Sewer    | Reached skill level 8 in Axes
  2263 | Sewer    | Reached XP level 6. HP: 49/50 MP: 6/6
  2438 | Sewer    | Reached skill level 9 in Axes
  2786 | D:3      | Reached skill level 10 in Axes
  2786 | D:3      | Reached XP level 7. HP: 41/56 MP: 7/7
  2951 | D:3      | Found a hide-covered altar of Uskayaw.
  3066 | D:3      | Found an iron altar of Okawaru.
  3078 | D:3      | Became a worshipper of Warmaster Okawaru
  3304 | D:3      | Found an ancient bone altar of Kikubaaqudgha.
  3305 | D:3      | Found an opulent altar of Gozag.
  3311 | D:3      | Found a bloodstained altar of Trog.
  3318 | D:3      | Found a shimmering altar of Xom.
  3318 | D:3      | Found a sacrificial altar of Ru.
  3321 | D:3      | Found a burning altar of Makhleb.
  3414 | D:3      | Found a deep blue altar of Sif Muna.
  3489 | D:4      | Noticed Eustachio
  3504 | D:4      | Killed Eustachio
  3563 | D:4      | Reached skill level 11 in Axes
  3706 | D:4      | Noticed Menkaure
  3710 | D:4      | Killed Menkaure
  3710 | D:4      | Reached * piety under Okawaru
  3710 | D:4      | Reached XP level 8. HP: 62/62 MP: 8/8
  3784 | D:4      | Reached skill level 12 in Axes
  3948 | D:4      | Noticed Edmund
  3965 | D:4      | Killed Edmund
  4046 | D:5      | Entered Level 5 of the Dungeon
  4147 | D:5      | Reached ** piety under Okawaru
  4147 | D:5      | Reached skill level 13 in Axes
  4350 | D:5      | Found Kuvvajafo's Antique Armour Emporium.
  4353 | D:5      | Bought a runed chain mail for 217 gold pieces
  4706 | D:5      | Noticed a wyvern
  4903 | D:6      | Found a stormy altar of Qazlal.
  4910 | D:6      | Reached skill level 14 in Axes
  5024 | D:6      | Found a glowing golden altar of the Shining One.
  5102 | D:6      | Reached skill level 3 in Fighting
  5102 | D:6      | Reached XP level 9. HP: 68/70 MP: 9/9
  5116 | D:6      | Noticed Sigmund
  5142 | D:6      | Killed Sigmund
  5142 | D:6      | Reached skill level 5 in Fighting
  5275 | D:6      | Reached *** piety under Okawaru
  5275 | D:6      | Reached skill level 1 in Armour
  5294 | D:6      | Reached skill level 2 in Armour
  5404 | D:6      | Found a staircase to the Ecumenical Temple.
  5530 | D:7      | Found a shadowy altar of Dithmenos.
  5640 | D:7      | Reached skill level 3 in Armour
  5663 | D:7      | Reached skill level 4 in Armour
  5835 | D:7      | Reached skill level 5 in Armour
  5995 | D:7      | Reached skill level 3 in Dodging
  6278 | D:8      | Found a sand-covered staircase.
  6292 | Ossuary  | Entered an ossuary
  6590 | D:8      | Reached skill level 4 in Dodging
  6593 | D:8      | Reached **** piety under Okawaru
  6652 | D:8      | Found Ucwufiaf's Food Boutique.
  6700 | D:8      | Received a gift from Okawaru
  6785 | D:8      | Reached skill level 5 in Dodging
  6812 | D:8      | Noticed a two-headed ogre
  6834 | D:8      | Killed a two-headed ogre
  6834 | D:8      | Reached XP level 10. HP: 43/81 MP: 7/10
  6837 | D:8      | Reached skill level 15 in Axes
  6849 | D:8      | Received a gift from Okawaru
  6863 | D:8      | Noticed a two-headed ogre
  6891 | D:8      | Killed a two-headed ogre
  7235 | D:9      | Found a staircase to the Lair.
  7358 | D:9      | Reached skill level 16 in Axes
  7379 | D:9      | Noticed a two-headed ogre
  7384 | D:9      | Killed a two-headed ogre
  7384 | D:9      | Reached ***** piety under Okawaru
  7636 | D:9      | Found a hazy altar of Hepliaklqana.
  7637 | D:9      | Found an ornate altar of the Wu Jian Council.
  7754 | D:9      | Reached skill level 17 in Axes
  7825 | D:9      | Received a gift from Okawaru
  7828 | D:9      | Got a dazzling executioner's axe {god gift}
  7829 | D:9      | Identified the +1 executioner's axe of Osyot {freeze, MP+9 Int+3} (Okawaru gifted it to you on level 9 of the Dungeon)
  7846 | D:9      | Found Wiuce's Antique Weapon Emporium.
  8190 | D:10     | Entered Level 10 of the Dungeon
  8210 | D:10     | Reached XP level 11. HP: 88/88 MP: 11/11
  8236 | D:10     | Reached skill level 1 in Invocations
  8256 | D:10     | Reached skill level 2 in Invocations
  8481 | D:10     | Noticed a two-headed ogre
  8487 | D:10     | Killed a two-headed ogre
  8487 | D:10     | Reached skill level 3 in Invocations
  8554 | D:10     | Reached skill level 4 in Invocations
  8571 | D:10     | Found a staircase to the Orcish Mines.
  8633 | D:10     | Noticed a cyclops
  8648 | D:10     | Killed a cyclops
  8701 | D:10     | Reached skill level 5 in Invocations
  9124 | D:11     | Reached skill level 18 in Axes
  9165 | D:11     | Noticed a five-headed hydra
  9177 | D:11     | Killed a five-headed hydra
  9177 | D:11     | Received a gift from Okawaru
  9225 | D:11     | Found Daseocsata's Antique Weapon Emporium.
  9257 | D:11     | Noticed Nergalle
  9259 | D:11     | Noticed a spectral orc warlord
  9276 | D:11     | Killed Nergalle
  9500 | D:11     | Reached skill level 19 in Axes
  9533 | D:11     | Received a gift from Okawaru
  9536 | D:11     | Got an ichor-stained broad axe {god gift}
  9537 | D:11     | Identified the +7 broad axe of the Sage {venom, *Noise +Rage rF+ Dex+5} (Okawaru gifted it to you on level 11 of the Dungeon)
  9803 | D:11     | Noticed a two-headed ogre
  9814 | D:11     | Killed a two-headed ogre
 10074 | Lair:1   | Entered Level 1 of the Lair of Beasts
 10108 | Lair:1   | Reached XP level 12. HP: 49/94 MP: 15/15
 10170 | Lair:1   | Noticed an eight-headed hydra
 10244 | Lair:1   | Killed a nine-headed hydra
 10244 | Lair:1   | Reached skill level 20 in Axes
 10257 | Lair:1   | Reached skill level 6 in Invocations
 10393 | Lair:1   | Reached skill level 7 in Invocations
 10536 | Lair:1   | Reached skill level 8 in Invocations
 10752 | Lair:1   | Reached skill level 9 in Invocations
 10892 | Lair:1   | Found a runed door.
 10894 | Lair:1   | Noticed Ciumechu's ghost (journeyman DrTm)
 11440 | Lair:2   | Found a staircase to the Shoals.
 11469 | Lair:2   | Reached skill level 10 in Invocations
 11590 | Lair:2   | Noticed a five-headed hydra
 11602 | Lair:2   | Killed a ten-headed hydra
 11602 | Lair:2   | Reached skill level 6 in Fighting
 11872 | Lair:2   | Found a hole to the Spider Nest.
 11880 | Lair:2   | Reached skill level 7 in Fighting
 12182 | Lair:2   | Reached ****** piety under Okawaru
 12182 | Lair:2   | Received a gift from Okawaru
 12182 | Lair:2   | Reached skill level 8 in Fighting
 12212 | Lair:2   | Reached skill level 9 in Fighting
 12238 | Lair:2   | Found the +8 whip "Snakebite" {curare, rPois}
 12454 | Lair:3   | Reached XP level 13. HP: 74/112 MP: 20/20
 12457 | Lair:3   | Reached skill level 10 in Fighting
 12751 | Lair:3   | Found a labyrinth entrance.
 12760 | Lab      | Entered a labyrinth
 12976 | Lab      | Noticed a minotaur
 12999 | Lab      | Killed a minotaur
 13026 | Lab      | Got a twitching granite ring
 13044 | Lair:3   | Identified the ring of Hedonism {Ice rPois} (You found it in a labyrinth)
 13076 | Lair:3   | Received a gift from Okawaru
 13191 | Lair:3   | Found a runed gate.
 13191 | Lair:3   | Found a runed gate.
 13191 | Lair:3   | Found a runed gate.
 13191 | Lair:3   | Noticed Kufareon's ghost (journeyman OpFi)
 13194 | Lair:3   | Noticed Peny's ghost (journeyman MiFi)
 13226 | Lair:3   | Reached skill level 6 in Armour
 14225 | Lair:4   | Noticed Kirke
 14238 | Lair:4   | Killed Kirke
 14238 | Lair:4   | Reached skill level 6 in Dodging
 14417 | Lair:4   | Reached skill level 11 in Fighting
 14453 | Lair:4   | Reached skill level 7 in Armour
 15123 | Lair:5   | Reached skill level 2 in Throwing
 15209 | Lair:5   | Received a gift from Okawaru
 15640 | Lair:5   | Found a viscous altar of Jiyva.
 15640 | Lair:5   | Found a staircase to the Slime Pits.
 15818 | Lair:6   | Entered Level 6 of the Lair of Beasts
 15900 | Lair:6   | Noticed Josephine
 15909 | Lair:6   | Reached XP level 14. HP: 93/124 MP: 18/21
 15922 | Lair:6   | Killed Josephine
 15922 | Lair:6   | Reached skill level 3 in Throwing
 15935 | Lair:6   | Reached skill level 8 in Armour
 15938 | Lair:6   | Received a gift from Okawaru
 15964 | Lair:6   | HP: 30/125 [catoblepas (11)]
 15965 | Lair:6   | Reached skill level 7 in Dodging
 16152 | Lair:6   | Reached skill level 21 in Axes
 16174 | Lair:6   | Received a gift from Okawaru
 16257 | Lair:6   | Reached skill level 12 in Fighting
 16321 | Lair:6   | Noticed Rupert
 16353 | Lair:6   | Killed Rupert
 16353 | Lair:6   | Reached skill level 4 in Throwing
 16800 | Lair:6   | Found a runed door.
 16950 | Lair:6   | Reached skill level 9 in Armour
 17060 | Lair:6   | Received a gift from Okawaru
 17330 | Lair:6   | Reached skill level 5 in Throwing
 17781 | Lair:1   | Killed Ciumechu's ghost
 17781 | Lair:1   | Received a gift from Okawaru
 17784 | Lair:1   | Got a brightly glowing battleaxe {god gift}
 17785 | Lair:1   | Identified the +10 battleaxe "Ufraolen" {freeze, rN+ MP+9 Str+5} (Okawaru gifted it to you on level 1 of the Lair of Beasts)
 18024 | Lair:3   | Killed Kufareon's ghost
 18024 | Lair:3   | Reached XP level 15. HP: 134/134 MP: 22/22
 18028 | Lair:3   | Killed Peny's ghost
 18028 | Lair:3   | Reached skill level 8 in Dodging
 18446 | Orc:1    | Entered Level 1 of the Orcish Mines
 18450 | Orc:1    | Noticed Erica
 18461 | Orc:1    | Killed Erica
 18761 | Orc:1    | Reached skill level 13 in Fighting
 18855 | Orc:1    | Found Hiosoc's Humungous Hoard.
 18871 | Orc:1    | Received a gift from Okawaru
 18880 | Orc:1    | Bought a potion of heal wounds for 70 gold pieces
 18880 | Orc:1    | Bought a potion of haste for 140 gold pieces
 18880 | Orc:1    | Bought a scroll of holy word for 105 gold pieces
 18890 | Orc:1    | Identified a +2 pair of boots of running (Okawaru gifted it to you on level 1 of the Orcish Mines)
 19121 | Orc:2    | Entered Level 2 of the Orcish Mines
 19121 | Orc:2    | Found Howkoa's General Store.
 19155 | Orc:2    | Reached skill level 6 in Throwing
 19164 | Orc:2    | Bought a book of Battle for 600 gold pieces
 19164 | Orc:2    | Bought 2 potions of haste for 300 gold pieces
 19167 | Orc:2    | Reached skill level 10 in Armour
 19180 | Orc:2    | Learned a level 2 spell: Song of Slaying
 19184 | Orc:2    | Learned a level 3 spell: Regeneration
 19213 | Orc:2    | Found Raqyor's Antique Weapon Shoppe.
 19233 | Orc:2    | Found Deney's Book Shop.
 19255 | Orc:2    | HP: 31/136 [orc priest/divine providence (7)]
 19268 | Orc:2    | HP: 32/136 [orc priest/flail (2)]
 19642 | Orc:2    | Found a staircase to the Elven Halls.
 20580 | Orc:2    | Found Hiuwkead's Antique Armour Shop.
 20589 | Orc:2    | Bought a pair of runed gloves for 262 gold pieces
 20589 | Orc:2    | Bought an ancient chain mail for 332 gold pieces
 20589 | Orc:2    | Bought a steaming scale mail for 315 gold pieces
 20610 | Orc:2    | Identified the +3 scale mail "Tudwyiwnue" {*Slow +Fly MR+} (You bought it in a shop on level 2 of the Orcish Mines)
 20620 | Orc:2    | Identified the cursed +0 chain mail "Orasybed" {Regen+ Str+2 Dex-2} (You bought it in a shop on level 2 of the Orcish Mines)
 20667 | Orc:2    | Found a runed gate.
 20667 | Orc:2    | Found a runed gate.
 20667 | Orc:2    | Found a runed gate.
 20667 | Orc:2    | Noticed Amnesiac's ghost (journeyman SpWn)
 20845 | Orc:2    | Killed Amnesiac's ghost
 21043 | D:12     | Learned a level 2 spell: Blink
 21300 | D:12     | Received a gift from Okawaru
 21646 | D:13     | Noticed Snorg
 21652 | D:13     | Killed Snorg
 21693 | D:13     | Received a gift from Okawaru
 21693 | D:13     | Reached skill level 22 in Axes
 21693 | D:13     | Reached skill level 7 in Throwing
 21694 | D:13     | Reached skill level 9 in Dodging
 21741 | D:13     | Found a gate to the Vaults.
 22465 | D:13     | Reached skill level 14 in Fighting
 22535 | D:13     | Reached XP level 16. HP: 141/146 MP: 23/23
 22737 | D:14     | Received a gift from Okawaru
 23955 | D:14     | Noticed a golden dragon
 23957 | D:14     | Noticed a shadow dragon
 23969 | D:14     | Killed a golden dragon
 23986 | D:14     | Killed a shadow dragon
 23986 | D:14     | Reached skill level 8 in Throwing
 24093 | D:14     | Got a slimy marble ring
 24322 | D:14     | Identified the ring "Cuitom" {+Blink rElec Str-5 Int+3 SInv} (You took it off a yaktaur captain on level 14 of the Dungeon)
 24492 | D:15     | Entered Level 15 of the Dungeon
 24530 | D:15     | Found Jiah's Assorted Antiques.
 24868 | D:15     | Received a gift from Okawaru
 24993 | D:15     | Reached skill level 10 in Dodging
 25098 | D:15     | Found a staircase to the Depths.
 25140 | D:15     | Received a gift from Okawaru
 25144 | D:15     | Reached skill level 15 in Fighting
 25374 | D:15     | Reached skill level 9 in Throwing
 25383 | D:15     | Noticed Nessos
 25392 | D:15     | Received a gift from Okawaru
 25403 | D:15     | Killed Nessos
 26115 | Spider:1 | Entered Level 1 of the Spider Nest
 26122 | Spider:1 | Reached skill level 23 in Axes
 26250 | Spider:1 | Reached XP level 17. HP: 130/156 MP: 24/24
 26602 | Spider:1 | Learned a level 2 spell: Swiftness
 27314 | Spider:1 | Reached skill level 10 in Throwing
 27549 | Spider:2 | Received a gift from Okawaru
 27553 | Spider:2 | Got a fine battleaxe {god gift}
 27849 | Spider:2 | Reached skill level 24 in Axes
 29178 | Spider:3 | Received a gift from Okawaru
 29188 | Spider:3 | Identified the +3 battleaxe "Keylydia" {speed, rC+ rN+++} (Okawaru gifted it to you on level 2 of the Spider Nest)
 29353 | Spider:3 | Found a runed gate.
 29353 | Spider:3 | Found a runed gate.
 29354 | Spider:3 | Found a runed gate.
 29368 | Spider:3 | Noticed Verendum's ghost (adept FoFi)
 29546 | Spider:3 | Received a gift from Okawaru
 29554 | Spider:3 | Reached skill level 25 in Axes
 29647 | Spider:3 | Received a gift from Okawaru
 30047 | Spider:3 | Killed Verendum's ghost
 30078 | Spider:3 | Received a gift from Okawaru
 30350 | Shoals:1 | Entered Level 1 of the Shoals
 30472 | Shoals:1 | Noticed a kraken
 30495 | Shoals:1 | Killed a kraken
 30495 | Shoals:1 | Received a gift from Okawaru
 30495 | Shoals:1 | Reached XP level 18. HP: 76/163 MP: 20/25
 30713 | Shoals:1 | HP: 39/163 [water nymph/the raging water (17)]
 30728 | Shoals:1 | HP: 23/163 [manticore (14)]
 31186 | Spider:3 | Learned a level 2 spell: Shroud of Golubria
 31790 | Shoals:1 | Noticed Donald
 31799 | Shoals:1 | Reached skill level 1 in Necromancy
 31809 | Shoals:1 | Killed Donald
 31809 | Shoals:1 | Reached skill level 1 in Charms
 31809 | Shoals:1 | Reached skill level 1 in Air Magic
 31811 | Shoals:1 | Got a steaming shield
 31928 | Shoals:1 | Found the +3 salamander hide armour {+Rage rF++}
 31935 | Shoals:1 | Reached skill level 1 in Translocations
 31937 | Shoals:1 | Reached skill level 1 in Spellcasting
 32289 | Shoals:1 | Upgraded the game from 0.22-a0-538-g76cc104 to 0.22-a0-542-gce4f928
 32472 | Shoals:2 | Reached skill level 2 in Necromancy
 32494 | Shoals:2 | Reached skill level 2 in Charms
 32647 | Shoals:2 | Received a gift from Okawaru
 32650 | Shoals:2 | Got a bloodstained scale mail {god gift}
 32681 | Shoals:1 | Identified the +1 scale mail of Fijecs {+Fly Str+4 Dex+2} (Okawaru gifted it to you on level 2 of the Shoals)
 32980 | Shoals:2 | Reached skill level 2 in Air Magic
 33275 | Shoals:2 | Reached skill level 2 in Translocations
 33280 | Shoals:2 | Reached skill level 1 in Evocations
 33493 | Shoals:2 | Reached skill level 2 in Spellcasting
 33705 | Shoals:3 | Reached skill level 26 in Axes
 33711 | Shoals:3 | Reached skill level 3 in Necromancy
 33923 | Shoals:3 | HP: 40/163 [merfolk/trident of piercing (4)]
 34214 | Shoals:3 | Reached skill level 2 in Evocations
 34229 | Shoals:3 | HP: 40/163 [poisoned by a sea snake]
 34235 | Shoals:3 | HP: 40/163 [poisoned by a sea snake]
 34243 | Shoals:3 | HP: 40/163 [poisoned by a sea snake]
 34251 | Shoals:3 | HP: 40/163 [poisoned by a sea snake]
 34754 | Shoals:3 | Reached skill level 3 in Charms
 34952 | Shoals:3 | Reached skill level 3 in Air Magic
 35104 | Shoals:3 | Reached skill level 3 in Translocations
 35207 | Shoals:4 | Entered Level 4 of the Shoals
 35338 | Shoals:4 | Reached skill level 3 in Evocations
 35507 | Shoals:4 | Reached skill level 4 in Necromancy
 35786 | Shoals:4 | Reached skill level 3 in Spellcasting
 35792 | Shoals:4 | Received a gift from Okawaru
 36336 | Shoals:4 | Noticed Ilsuiw
 36365 | Shoals:4 | Received a gift from Okawaru
 36365 | Shoals:4 | Reached XP level 19. HP: 166/170 MP: 26/26
 36374 | Shoals:4 | Reached skill level 4 in Charms
 36387 | Shoals:4 | Killed Ilsuiw
 36555 | Shoals:4 | HP: 42/170 [poisoned by a merfolk impaler]
 36561 | Shoals:4 | HP: 40/170 [poisoned by a merfolk impaler]
 36567 | Shoals:4 | HP: 40/170 [poisoned by a merfolk impaler]
 36575 | Shoals:4 | HP: 41/170 [poisoned by a merfolk impaler]
 36583 | Shoals:4 | HP: 42/170 [poisoned by a merfolk impaler]
 36868 | Shoals:4 | Reached skill level 4 in Evocations
 36904 | Shoals:4 | Reached skill level 4 in Air Magic
 37024 | Shoals:4 | Reached skill level 4 in Translocations
 37095 | Shoals:4 | Learned a level 5 spell: Aura of Abjuration
 37275 | Shoals:4 | HP: 37/170 [merfolk impaler/trident of venom (8)]
 37276 | Shoals:4 | HP: 18/170 [merfolk impaler/trident of piercing (2)]
 37280 | Shoals:4 | HP: 8/170 [poisoned by a merfolk impaler]
 37280 | Shoals:4 | Received a gift from Okawaru
 37682 | Shoals:4 | Got a barnacled rune of Zot
 37910 | Spider:4 | Entered Level 4 of the Spider Nest
 37917 | Spider:4 | Reached skill level 5 in Necromancy
 37917 | Spider:4 | Reached skill level 1 in Summonings
 37930 | Spider:4 | Reached skill level 4 in Spellcasting
 37936 | Spider:4 | Received a gift from Okawaru
 37947 | Spider:4 | Reached skill level 2 in Summonings
 38011 | Spider:4 | Found a frozen archway.
 38036 | Spider:4 | Reached skill level 5 in Charms
 38041 | IceCv    | Entered an ice cave
 38108 | IceCv    | Received a gift from Okawaru
 38117 | IceCv    | Reached skill level 5 in Evocations
 38798 | IceCv    | Noticed an Ice Fiend
 38847 | IceCv    | Killed an Ice Fiend
 39318 | IceCv    | Got a heavily runed ring mail
 39342 | IceCv    | Identified the +2 ring mail of the Pirate {Str+6} (You found it in an ice cave)
 39522 | Spider:4 | Received a gift from Okawaru
 39751 | Spider:4 | Reached skill level 3 in Summonings
 39825 | Spider:4 | Reached skill level 5 in Air Magic
 39844 | Spider:4 | Reached skill level 5 in Translocations
 40098 | Spider:4 | Received a gift from Okawaru
 40285 | Spider:4 | Reached skill level 4 in Summonings
 40485 | Spider:4 | Reached skill level 5 in Spellcasting
 40664 | Spider:4 | Reached skill level 5 in Summonings
 40741 | Spider:4 | Reached skill level 6 in Summonings
 40762 | Spider:4 | Got a gossamer rune of Zot
 41127 | Vaults:1 | Entered Level 1 of the Vaults
 41189 | Vaults:1 | Reached skill level 7 in Summonings
 41262 | Vaults:1 | Reached XP level 20. HP: 174/178 MP: 27/27
 41382 | Vaults:1 | Reached skill level 8 in Summonings
 41723 | Vaults:1 | Reached skill level 9 in Summonings
 41965 | Vaults:1 | Received a gift from Okawaru
 41971 | Vaults:1 | Got a crude battleaxe {god gift}
 42698 | Vaults:1 | Found Kofu Hai's Antique Weapon Shoppe.
 43440 | Vaults:2 | Identified the +10 battleaxe "Hytaat" {chop, rC+ Int+4} (Okawaru gifted it to you on level 1 of the Vaults)
 43490 | Vaults:2 | Reached skill level 10 in Summonings
 43494 | Vaults:2 | Received a gift from Okawaru
 43851 | Vaults:2 | Received a gift from Okawaru
 43852 | Vaults:2 | Reached skill level 11 in Armour
 44019 | Vaults:2 | Paralysed by a sphinx for 6 turns
 44035 | Vaults:2 | Received a gift from Okawaru
 44500 | Vaults:2 | Reached skill level 16 in Fighting
 44698 | Vaults:2 | Found Warisata's Antique Weapon Shoppe.
 44820 | Vaults:2 | HP: 39/180 [stone giant (14)]
 44821 | Vaults:2 | Reached skill level 11 in Dodging
 44831 | Vaults:2 | HP: 44/180 [vault warden/battleaxe (5)]
 45250 | Vaults:2 | Reached XP level 21. HP: 179/188 MP: 28/28
 45312 | Vaults:2 | HP: 19/189 [fire dragon/blast of flame (36)]
 45324 | Vaults:2 | Reached skill level 12 in Armour
 46042 | Vaults:3 | Received a gift from Okawaru
 46236 | Vaults:3 | Received a gift from Okawaru
 46511 | Vaults:3 | Reached skill level 17 in Fighting
 46649 | Vaults:3 | Found a staircase to the Crypt.
 46954 | Vaults:3 | Reached skill level 13 in Armour
 47143 | Vaults:3 | Reached skill level 12 in Dodging
 47345 | Vaults:3 | Noticed Nikola
 47362 | Vaults:3 | Found Gevievo's Antique Armour Boutique.
 47367 | Vaults:3 | Killed Nikola
 47371 | Vaults:3 | Bought faintly humming fire dragon scales for 1300 gold pieces
 47381 | Vaults:3 | Identified the +6 fire dragon scales "Itish" {rF++ rC- Int+2} (You bought it in a shop on level 3 of the Vaults)
 47749 | Vaults:3 | Found a runed gate.
 47750 | Vaults:3 | Found a runed gate.
 47750 | Vaults:3 | Found a runed gate.
 47751 | Vaults:3 | Noticed Kifott's ghost (adept DECj)
 47781 | Vaults:3 | Found Hegawit's Magic Scroll Boutique.
 47809 | Vaults:3 | Bought a scroll of enchant armour for 120 gold pieces
 47809 | Vaults:3 | Bought a scroll of fog for 32 gold pieces
 47819 | Vaults:3 | Found Roylihal's Food Emporium.
 47914 | Vaults:3 | Killed Kifott's ghost
 48130 | Vaults:4 | Received a gift from Okawaru
 48397 | Vaults:4 | Reached XP level 22. HP: 167/201 MP: 29/29
 48441 | Vaults:4 | Got a sapphire-encrusted leather armour
 48534 | Vaults:4 | Reached skill level 18 in Fighting
 48912 | Vaults:4 | Reached skill level 14 in Armour
 49150 | Vaults:4 | Received a gift from Okawaru
 49160 | Vaults:4 | HP: 45/203 [flayed ghost/flay_damage[a death knight] (24)]
 49170 | Vaults:4 | HP: 32/203 [war gargoyle/morningstar (6)]
 49195 | Vaults:4 | Paralysed by an orc sorcerer for 7 turns
 49200 | Vaults:4 | HP: 37/203 [orc knight/great sword (15)]
 49201 | Vaults:4 | HP: 4/203 [orc warrior/long sword[an orc knight] (15)]
 49201 | Vaults:4 | Shot with an arrow by a deep elf archer

Vault maps used:
D:1:      evilmike_arrival_hilbert_curve, hangedman_decor_growths,
          lemuel_old_faithful
D:2:      lemuel_crystal_altar, yredelemnul_altar_generic, uniq_natasha
D:3:      lemuel_round_altar, marbit_many_paths, minitemple,
          portal_sewer_entry_f, first_ration, okawaru_altar_gauntlet_db
D:4:      uniq_menkaure, uniq_eustachio, uniq_edmund
D:5:      serial_shops, kennysheep_mini_moat, lightli_corner_chamber
D:6:      minmay_temple_entry_fiery, serial_glass, glass_columns_a,
          glass_columns_b, glass_columns_a, glass_columns_a, glass_columns_b,
          glass_columns_b, glass_columns_a, glass_columns_a, basic_altar,
          grunt_ministairs_14, tso_altar, uniq_sigmund
D:7:      overflow_temple_1_default, grunt_ogre_cave
D:8:      serial_shops, shop_fountains, nicolae_ossuary_entry_giza
D:9:      gammafunk_temple_overflow_pools, lair_entry_dummy, serial_shops, shop
D:10:     david_orc_3
D:11:     serial_shops, nicolae_shop_statue_plus, minmay_unpleasant_kobolds,
          uniq_nergalle
D:12:     minmay_stone_trees_small
D:13:     david_vaults_1, uniq_snorg
D:14:     cross_vault
D:15:     hangedman_depths_entry_civil_slaughter, serial_shops,
          nicolae_shop_crystal, serial_bayou_pond_a, uniq_nessos
Lair:1:   gammafunk_ghost_grave, minmay_lair_oklob_chamber,
          serial_bayou_shore_a, infiniplex_staircase_pool, grunt_megastairs_3
Lair:2:   minmay_guarded_unrand_snakebite, minmay_shoals_entry_lonely_mermaid,
          spider_nest_entry_funnel_web, grunt_megastairs_1
Lair:3:   wad_woods_structure_01, lab_entry_generic, gammafunk_ghost_cemetery
Lair:4:   infiniplex_staircase_pool_2, uniq_kirke
Lair:5:   slime_altar_1
Lair:6:   wormcave, guppyfry_lair_end_dragon, serial_bayou_shore_b,
          grunt_megastairs_5, uniq_rupert, uniq_josephine
Shoals:1: serial_shops, bzr_entry_gold, nicolae_shoals_kraken_intersection,
          uniq_donald
Shoals:2: cheibrodos_shoals_baths, nicolae_shoals_undead_eyrie
Shoals:4: shoals_end_hangedman, shoal_ilsuiw
Spider:2: nicolae_spider_shape
Spider:3: gammafunk_ghost_necromancy
Spider:4: spider_rune_water, portal_ice_cave_entry_ice_statue_one,
          nicolae_spider_webs_and_nodes
Orc:1:    nicolae_alphabet_shops, mines5_lemuel, uniq_erica
Orc:2:    grunt_orc_gardens, grunt_orc_garden, grunt_orc_garden,
          grunt_orc_garden, grunt_orc_garden, gammafunk_ghost_necromancy
Vaults:1: grunt_vaults_funnel, vaults_dpeg_cross,
          nicolae_vaults_little_squares_2, v_alt_pattern_2,
          vaults_room_door_hall, vaults_room_fours, vaults_dpeg_diagonal,
          nicolae_vaults_network_star, ontoclasm_vaults_chip, serial_shops,
          nicolae_shop_statue_plus
Vaults:2: v_misc_14, hangedman_vaults_stitches, v_misc_28, vaults_mumra_hexcomb,
          nicolae_vaults_specimen_jars, v_misc_30, v_alt_pattern_1,
          st_octagons_2, ontoclasm_vaults_eye, hangedman_vaults_stagger,
          vaults_room_fancy_cross, nicolae_vaults_little_squares_3,
          serial_shops, nicolae_shop_window_shopping
Vaults:3: gammafunk_vaults_ghost_necromancy, ontoclasm_vaults_claustrophobia,
          v_alt_pattern_1, nicolae_vaults_theta, blue_anna_dwarven_crypt,
          nicolae_vaults_windows_and_doors_thing, grunt_vaults_bifocal,
          v_rooms_1, v_misc_32, dpeg_vaults_monster_box, v_misc_22,
          vaults_room_grid, v_pattern_1, ontoclasm_vaults_gallery,
          vaults_dpeg_hooks, serial_shops, shop, shop, shop, uniq_nikola
Vaults:4: hangedman_vaults_corner_blocks, grunt_vaults_swirl, v_misc_9,
          v_rooms_6, hangedman_vaults_stretched_pinwheel,
          vaults_room_semicircle, v_misc_16, ontoclasm_vaults_gateway,
          nicolae_vaults_stairing_the_circle, nicolae_vaults_big_angled_halls,
          st_lattice, nicolae_vaults_little_ls, ontoclasm_vaults_tryst,
          ontoclasm_vaults_decontamination, nicolae_vaults_three_branches,
          grunt_vaults_hallway_long, serial_shops, bzr_entry_water
Lab:      nicolae_lab_dead_adventurers, nicolae_lab_starburst,
          labyrinth_skeletal_remains
Sewer:    sewer_frog_island_02
Ossuary:  ossuary_tomb_3
IceCv:    ice_cave_tombish

Skill      XL: |  1  2  3  4  5  6  7  8  9 10 11 12 13 14 15 16 17 18 19 20 21 22 |
---------------+-------------------------------------------------------------------+-----
Axes           | 5 6 7 8 10 11 14 17 19 20 21 22 23 25 26 | 26.0
Fighting       | 3 5 9 11 12 14 15 16 17 18 | 18.5
Armour         | 5 7 9 10 11 13 14 | 14.5
Dodging        | 5 6 7 9 10 11 12 | 12.9
Invocations    | 5 10 | 10.1
Throwing       | 2 5 7 9 10 | 10.0
Necromancy     | 4 5 |  5.0
Charms         | 3 5 |  5.0
Air Magic      | 3 5 |  5.0
Translocations | 3 5 |  5.0
Spellcasting   | 3 5 |  5.0
Evocations     | 3 5 |  5.0
Summonings     | 7 10 | 10.0

Action                   |  1- 3 |  4- 6 |  7- 9 | 10-12 | 13-15 | 16-18 | 19-21 | 22-24 || total
-------------------------+-------+-------+-------+-------+-------+-------+-------+-------++-------
Melee: War axe           |   115 |   226 |   466 |   256 |       |       |       |       ||  1063
       Punch             |       |       |       |     3 |     1 |       |       |       ||     4
       Broad axe         |       |       |       |   216 |   594 |       |       |       ||   810
       Trident           |       |       |       |     4 |       |       |       |       ||     4
       Whip              |       |       |       |       |     5 |       |       |       ||     5
       Battleaxe         |       |       |       |       |   365 |  1108 |  1088 |   180 ||  2741
Throw: Javelin           |       |       |       |    20 |    16 |    57 |    15 |       ||   108
       Tomahawk          |       |       |       |     6 |       |       |       |       ||     6
       Throwing net      |       |       |       |     1 |       |       |       |       ||     1
 Cast: Song of Slaying   |       |       |       |       |     1 |     9 |    41 |     2 ||    53
       Shroud of Golubri |       |       |       |       |       |     2 |     2 |       ||     4
       Regeneration      |       |       |       |       |       |       |     6 |     1 ||     7
       Blink             |       |       |       |       |       |       |     4 |       ||     4
Invok: Heroism           |       |       |     1 |    10 |    15 |    19 |    10 |     2 ||    57
       Finesse           |       |       |       |     3 |     8 |     9 |     3 |     1 ||    24
 Abil: Evoke Flight      |       |       |       |       |       |     6 |     4 |       ||    10
       Evoke Blink       |       |       |       |       |       |       |       |     2 ||     2
Evoke: Wand              |       |       |       |     4 |     8 |     1 |       |       ||    13
       Phantom mirror    |       |       |       |       |       |       |     1 |       ||     1
  Use: Potion            |     1 |     2 |     2 |       |     1 |     9 |    12 |     4 ||    31
       Scroll            |       |       |    20 |     6 |     9 |    10 |     6 |       ||    51
 Stab: Distracted        |       |       |       |       |     1 |     2 |     1 |       ||     4
       Held in net/web   |       |       |       |       |       |       |     1 |       ||     1
  Eat: Chunk             |     1 |     6 |    13 |    18 |    20 |    29 |    30 |     3 ||   120
       Ration            |       |       |       |       |     4 |     5 |     3 |       ||    12
Armor: Leather armour    |    36 |    62 |    16 |       |       |       |       |       ||   114
       Scale mail        |       |       |    35 |       |    76 |   580 |   494 |       ||  1185
       Chain mail        |       |       |   116 |   188 |   290 |       |       |       ||   594
       Fire dragon scale |       |       |       |       |       |       |    62 |    81 ||   143
Dodge: Dodged            |   100 |   150 |   152 |   184 |   386 |   767 |   695 |    94 ||  2528

Table legend:
 A = Spawn XP
 B = Non-spawn XP
 C = Spawn XP percentage of total XP
 D = Spawn monster count
 E = Non-spawn monster count
 F = Spawn count percentage of total count
 G = Total turns spent on level
                    A         B        C        D         E        F      G
               +---------+---------+-------+---------+---------+-------+---------
         Total |       0 |  643715 |   0.0 |       0 |    1696 |   0.0 | 49201
               +---------+---------+-------+---------+---------+-------+---------
           D:1 |       0 |      44 |   0.0 |       0 |      29 |   0.0 |   991
           D:2 |       0 |     153 |   0.0 |       0 |      19 |   0.0 |   770
           D:3 |       0 |     129 |   0.0 |       0 |      37 |   0.0 |  1047
           D:4 |       0 |     809 |   0.0 |       0 |      25 |   0.0 |   550
           D:5 |       0 |     496 |   0.0 |       0 |      17 |   0.0 |   703
           D:6 |       0 |     975 |   0.0 |       0 |      24 |   0.0 |   760
           D:7 |       0 |     736 |   0.0 |       0 |      19 |   0.0 |   716
           D:8 |       0 |    2691 |   0.0 |       0 |      21 |   0.0 |   845
           D:9 |       0 |    2689 |   0.0 |       0 |      29 |   0.0 |  1150
          D:10 |       0 |    3105 |   0.0 |       0 |      32 |   0.0 |  1270
          D:11 |       0 |    5803 |   0.0 |       0 |      30 |   0.0 |   898
          D:12 |       0 |    7119 |   0.0 |       0 |      47 |   0.0 |   721
          D:13 |       0 |   11304 |   0.0 |       0 |      34 |   0.0 |  1096
          D:14 |       0 |   17427 |   0.0 |       0 |      44 |   0.0 |  1847
          D:15 |       0 |   29017 |   0.0 |       0 |      64 |   0.0 |  1438
        Lair:1 |       0 |    8569 |   0.0 |       0 |      31 |   0.0 |  1409
        Lair:2 |       0 |    6458 |   0.0 |       0 |      24 |   0.0 |  1642
        Lair:3 |       0 |   10549 |   0.0 |       0 |      38 |   0.0 |  1520
        Lair:4 |       0 |    5344 |   0.0 |       0 |      16 |   0.0 |   870
        Lair:5 |       0 |    7100 |   0.0 |       0 |      23 |   0.0 |  1332
        Lair:6 |       0 |   31458 |   0.0 |       0 |      87 |   0.0 |  2007
      Shoals:1 |       0 |   23896 |   0.0 |       0 |      40 |   0.0 |  1880
      Shoals:2 |       0 |   14937 |   0.0 |       0 |      37 |   0.0 |  1118
      Shoals:3 |       0 |   20873 |   0.0 |       0 |      43 |   0.0 |  1388
      Shoals:4 |       0 |   38898 |   0.0 |       0 |      70 |   0.0 |  2558
      Spider:1 |       0 |   14699 |   0.0 |       0 |      41 |   0.0 |  1666
      Spider:2 |       0 |   27227 |   0.0 |       0 |      74 |   0.0 |  1574
      Spider:3 |       0 |   19670 |   0.0 |       0 |      43 |   0.0 |  1224
      Spider:4 |       0 |   43579 |   0.0 |       0 |      90 |   0.0 |  1600
         Orc:1 |       0 |    7883 |   0.0 |       0 |      58 |   0.0 |  1101
         Orc:2 |       0 |   14387 |   0.0 |       0 |      47 |   0.0 |   911
      Vaults:1 |       0 |   48146 |   0.0 |       0 |      75 |   0.0 |  2312
      Vaults:2 |       0 |   65153 |   0.0 |       0 |      98 |   0.0 |  2377
      Vaults:3 |       0 |   77001 |   0.0 |       0 |     112 |   0.0 |  2222
      Vaults:4 |       0 |   63935 |   0.0 |       0 |      87 |   0.0 |  1163
           Lab |       0 |    1223 |   0.0 |       0 |       1 |   0.0 |   277
         Sewer |       0 |     344 |   0.0 |       0 |      52 |   0.0 |   688
       Ossuary |       0 |     157 |   0.0 |       0 |      16 |   0.0 |   192
         IceCv |       0 |    9732 |   0.0 |       0 |      22 |   0.0 |  1368
               +---------+---------+-------+---------+---------+-------+---------

Vault maps used:
D:1:      evilmike_arrival_hilbert_curve, hangedman_decor_growths,
          lemuel_old_faithful
D:2:      lemuel_crystal_altar, yredelemnul_altar_generic, uniq_natasha
D:3:      lemuel_round_altar, marbit_many_paths, minitemple,
          portal_sewer_entry_f, first_ration, okawaru_altar_gauntlet_db
D:4:      uniq_menkaure, uniq_eustachio, uniq_edmund
D:5:      serial_shops, kennysheep_mini_moat, lightli_corner_chamber
D:6:      minmay_temple_entry_fiery, serial_glass, glass_columns_a,
          glass_columns_b, glass_columns_a, glass_columns_a, glass_columns_b,
          glass_columns_b, glass_columns_a, glass_columns_a, basic_altar,
          grunt_ministairs_14, tso_altar, uniq_sigmund
D:7:      overflow_temple_1_default, grunt_ogre_cave
D:8:      serial_shops, shop_fountains, nicolae_ossuary_entry_giza
D:9:      gammafunk_temple_overflow_pools, lair_entry_dummy, serial_shops, shop
D:10:     david_orc_3
D:11:     serial_shops, nicolae_shop_statue_plus, minmay_unpleasant_kobolds,
          uniq_nergalle
D:12:     minmay_stone_trees_small
D:13:     david_vaults_1, uniq_snorg
D:14:     cross_vault
D:15:     hangedman_depths_entry_civil_slaughter, serial_shops,
          nicolae_shop_crystal, serial_bayou_pond_a, uniq_nessos
Lair:1:   gammafunk_ghost_grave, minmay_lair_oklob_chamber,
          serial_bayou_shore_a, infiniplex_staircase_pool, grunt_megastairs_3
Lair:2:   minmay_guarded_unrand_snakebite, minmay_shoals_entry_lonely_mermaid,
          spider_nest_entry_funnel_web, grunt_megastairs_1
Lair:3:   wad_woods_structure_01, lab_entry_generic, gammafunk_ghost_cemetery
Lair:4:   infiniplex_staircase_pool_2, uniq_kirke
Lair:5:   slime_altar_1
Lair:6:   wormcave, guppyfry_lair_end_dragon, serial_bayou_shore_b,
          grunt_megastairs_5, uniq_rupert, uniq_josephine
Shoals:1: serial_shops, bzr_entry_gold, nicolae_shoals_kraken_intersection,
          uniq_donald
Shoals:2: cheibrodos_shoals_baths, nicolae_shoals_undead_eyrie
Shoals:4: shoals_end_hangedman, shoal_ilsuiw
Spider:2: nicolae_spider_shape
Spider:3: gammafunk_ghost_necromancy
Spider:4: spider_rune_water, portal_ice_cave_entry_ice_statue_one,
          nicolae_spider_webs_and_nodes
Orc:1:    nicolae_alphabet_shops, mines5_lemuel, uniq_erica
Orc:2:    grunt_orc_gardens, grunt_orc_garden, grunt_orc_garden,
          grunt_orc_garden, grunt_orc_garden, gammafunk_ghost_necromancy
Vaults:1: grunt_vaults_funnel, vaults_dpeg_cross,
          nicolae_vaults_little_squares_2, v_alt_pattern_2,
          vaults_room_door_hall, vaults_room_fours, vaults_dpeg_diagonal,
          nicolae_vaults_network_star, ontoclasm_vaults_chip, serial_shops,
          nicolae_shop_statue_plus
Vaults:2: v_misc_14, hangedman_vaults_stitches, v_misc_28, vaults_mumra_hexcomb,
          nicolae_vaults_specimen_jars, v_misc_30, v_alt_pattern_1,
          st_octagons_2, ontoclasm_vaults_eye, hangedman_vaults_stagger,
          vaults_room_fancy_cross, nicolae_vaults_little_squares_3,
          serial_shops, nicolae_shop_window_shopping
Vaults:3: gammafunk_vaults_ghost_necromancy, ontoclasm_vaults_claustrophobia,
          v_alt_pattern_1, nicolae_vaults_theta, blue_anna_dwarven_crypt,
          nicolae_vaults_windows_and_doors_thing, grunt_vaults_bifocal,
          v_rooms_1, v_misc_32, dpeg_vaults_monster_box, v_misc_22,
          vaults_room_grid, v_pattern_1, ontoclasm_vaults_gallery,
          vaults_dpeg_hooks, serial_shops, shop, shop, shop, uniq_nikola
Vaults:4: hangedman_vaults_corner_blocks, grunt_vaults_swirl, v_misc_9,
          v_rooms_6, hangedman_vaults_stretched_pinwheel,
          vaults_room_semicircle, v_misc_16, ontoclasm_vaults_gateway,
          nicolae_vaults_stairing_the_circle, nicolae_vaults_big_angled_halls,
          st_lattice, nicolae_vaults_little_ls, ontoclasm_vaults_tryst,
          ontoclasm_vaults_decontamination, nicolae_vaults_three_branches,
          grunt_vaults_hallway_long, serial_shops, bzr_entry_water
Lab:      nicolae_lab_dead_adventurers, nicolae_lab_starburst,
          labyrinth_skeletal_remains
Sewer:    sewer_frog_island_02
Ossuary:  ossuary_tomb_3
IceCv:    ice_cave_tombish

Table legend:
 A = Turns spent in this place as a percentage of turns spent in the entire game.
 B = Non-inter-level travel turns spent in this place as a percentage of non-inter-level travel turns spent in the entire game.
 C = Inter-level travel turns spent in this place as a percentage of turns spent in this place.
 D = Turns resting spent in this place as a percentage of non-inter-level travel turns spent in this place.
 E = Turns spent auto-exploring this place as a percentage of non-inter-level travel turns spent in this place.
 F = Non-inter-level travel turns spent in this place divided by the number of levels of this place that you've seen.
                   A       B       C       D       E      F
               +-------+-------+-------+-------+-------+----------------------
         Total | 100.0 | 100.0 |   8.0 |  11.3 |  64.7 | 1160.8
       Dungeon |  30.1 |  30.2 |   7.6 |   4.7 |  73.7 | 912.1
          Lair |  17.8 |  15.8 |  18.5 |   1.9 |  73.7 | 1193.2
        Shoals |  14.1 |  14.4 |   6.1 |  21.1 |  53.4 | 1629.8
   Spider Nest |  12.3 |  12.4 |   7.4 |   6.7 |  69.1 | 1404.2
  Orcish Mines |   4.1 |   4.0 |   9.3 |   5.5 |  67.1 | 912.5
        Vaults |  16.4 |  17.5 |   1.6 |  16.7 |  61.9 | 1986.0
     Labyrinth |   0.6 |   0.6 |   0.0 |  36.5 |   0.0 | 277.0
         Sewer |   1.4 |   1.5 |   0.0 |  27.2 |  25.3 | 688.0
       Ossuary |   0.4 |   0.4 |   0.0 |   0.0 |  53.1 | 192.0
      Ice Cave |   2.8 |   3.0 |   0.0 |  61.8 |  11.9 | 1368.0
               +-------+-------+-------+-------+-------+----------------------

Table legend:
 A = Kills in this place as a percentage of kills in entire the game.
 B = Kills by you in this place as a percentage of kills by you in the entire game.
 C = Kills by friends in this place as a percentage of kills by friends in the entire game.
 D = Other kills in this place as a percentage of other kills in the entire game.
 E = Experience gained in this place as a percentage of experience gained in the entire game.
 F = Experience gained in this place divided by the number of levels of this place that you have seen.
                   A       B       C       D       E      F
               +-------+-------+-------+-------+-------+----------------------
         Total | 100.0 | 100.0 | 100.0 | 100.0 | 100.0 | 16505.5
       Dungeon |  27.8 |  27.8 |   0.0 |  33.3 |  12.8 | 5499.8
          Lair |  12.9 |  12.8 |  50.0 |   0.0 |  10.8 | 11579.7
        Shoals |  11.2 |  11.1 |  50.0 |   0.0 |  15.3 | 24651.0
   Spider Nest |  14.6 |  14.7 |   0.0 |   0.0 |  16.3 | 26293.8
  Orcish Mines |   6.2 |   6.2 |   0.0 |   0.0 |   3.5 | 11135.0
        Vaults |  21.9 |  21.9 |   0.0 |  66.7 |  39.5 | 63558.8
     Labyrinth |   0.1 |   0.1 |   0.0 |   0.0 |   0.2 | 1223.0
         Sewer |   3.1 |   3.1 |   0.0 |   0.0 |   0.1 | 344.0
       Ossuary |   0.9 |   0.9 |   0.0 |   0.0 |   0.0 | 157.0
      Ice Cave |   1.3 |   1.3 |   0.0 |   0.0 |   1.5 | 9732.0
               +-------+-------+-------+-------+-------+----------------------
